 Dungeon Crawl Stone Soup version 0.19.0-24-gb05acd6 (webtiles) character file.

639 Monsterracer the Cleaver (level 7, -10/91 HPs)
             Began as a Deep Dwarf Berserker on Nov 21, 2016.
             Was a Priest of Trog.
             Mangled by an ogre
             ... wielding a +0 giant club
              (25 damage)
             ... on level 5 of the Dungeon.
             The game lasted 00:09:49 (4049 turns).

Monsterracer the Cleaver (Deep Dwarf Berserker)     Turns: 4049, Time: 00:09:49

Health: -10/91     AC:  7    Str: 25    XL:     7   Next: 26%
Magic:  7/7        EV: 11    Int:  8    God:    Trog [***...]
Gold:   297        SH:  0    Dex: 14    Spells: 0 memorised, 6 levels left

rFire  . . .     SeeInvis +     m - +0 war axe
rCold  . . .     Gourm    .     p - +0 scale mail
rNeg   . . .     Faith    .     (no shield)
rPois  +         Spirit   .     (no helmet)
rElec  .         Reflect  .     g - +0 cloak (curse)
rCorr  .         Harm     .     (no gloves)
MR     +....                    (no boots)
Stlth  ..........               (no amulet)
                                a - ring of see invisible
                                i - ring of poison resistance

@: berserking, starving, non-regenerating, very quick
A: damage resistance, recharge devices, sense surroundings 1, slow regeneration
3
a: Device Recharging, Berserk, Trog's Hand, Burn Spellbooks, Renounce Religion


You were on level 5 of the Dungeon.
You worshipped Trog.
Trog was most pleased with you.
You were starving.

You visited 1 branch of the dungeon, and saw 5 of its levels.

You collected 297 gold pieces.

Inventory:

Hand Weapons
 m - a +0 war axe (weapon)
Armour
 g - a cursed +0 cloak (worn)
 p - a +0 scale mail (worn)
Jewellery
 a - a ring of see invisible (right hand)
 i - a ring of poison resistance (left hand)
 k - an uncursed ring of protection from fire
Wands
 c - a wand of heal wounds (5/9)
 r - a wand of teleportation (4/9)
Scrolls
 b - 3 scrolls of identify {unknown}
 e - a scroll of enchant weapon {unknown}
 h - 4 scrolls of remove curse {unknown}
 n - 2 scrolls of teleportation {unknown}
 o - a scroll of noise {unknown}
Potions
 j - a potion of cure mutation
 l - a potion of agility
Comestibles
 d - 4 bread rations
 f - 4 meat rations


   Skills:
 - Level 2.6 Fighting
 + Level 9.3 Axes
 - Level 2.1 Armour
 - Level 2.1 Dodging


You had 6 spell levels left.
You didn't know any spells.

Dungeon Overview and Level Annotations

Branches:
Dungeon (5/15)             Temple (0/1) D:4

Altars:
Cheibriados
Elyvilon
Hepliaklqana
Nemelex Xobeh
Ru
Sif Muna
Uskayaw
Zin
The Shining One


Innate Abilities, Weirdness & Mutations

You are resistant to damage.
You can recharge devices by infusing magical energy.
You passively map a small area around you.
You do not regenerate.


Message History

You feel yourself moving faster!
You feel mighty!
You are starving!
You are too hungry to fight recklessly!
You are too hungry to fight recklessly!
You are too hungry to fight recklessly!
You hit the ogre.
The ogre is moderately wounded.
The ogre hits you with a giant club!!
* * * LOW HITPOINT WARNING * * *
You hit the ogre.
The ogre is moderately wounded.
You slash the ogre!
The ogre is severely wounded.
The ogre hits you with a giant club!
* * * LOW HITPOINT WARNING * * *
The howler monkey hoots and howls with incredible vigour!
You hit the ogre.
The ogre is almost dead.
The ogre hits you with a giant club!!
You die...

##.#### # * , ....... ,
* *#....#. *** #.....,
, , ....#, , .h., .# ,#
#O# * * .##.# ..* #@#
.##.##..# ##'## ,
........# ##...## *
.......# ##.....## * >
.......### ##.......#
.........###.........#
*
...........'.........+,
<.........##.........#
..........###.......##
*


You could see an ogre and a howler monkey.

Vanquished Creatures
  An ice beast (D:5)
  4 scorpions
  2 bullfrog skeletons (D:4)
  An iron imp (D:5)
  Terence (D:2)
  2 worker ants
  Robin (D:2)
  3 gnolls (D:2)
  5 adders
  A shadow imp (D:5)
  5 worms
  A dart slug (D:4)
  5 leopard geckos
  8 orcs (D:3)
  5 bats
  5 giant cockroaches
  11 goblins
  9 hobgoblins
  3 quokkas
  2 ball pythons (D:3)
  3 frilled lizards
  A goblin skeleton (D:5)
  4 hobgoblin zombies (D:5)
  5 kobolds
  2 kobold skeletons (D:5)
  A kobold zombie (D:5)
  2 orc skeletons (D:5)
  4 rats
97 creatures vanquished.

Notes
Turn   | Place    | Note
-------+----------+-------------------------------------------
     0 | D:1      | Monsterracer the Deep Dwarf Berserker began the quest for the Orb.
     0 | D:1      | Reached XP level 1. HP: 20/20 MP: 1/1
    51 | D:1      | Found a snail-covered altar of Cheibriados.
   541 | D:1      | Reached XP level 2. HP: 27/27 MP: 2/2
   596 | D:1      | Reached skill level 4 in Axes
   747 | D:2      | Noticed Robin
   760 | D:2      | Reached ** piety under Trog
   760 | D:2      | Reached XP level 3. HP: 33/33 MP: 3/3
   764 | D:2      | Killed Robin
   908 | D:2      | Reached skill level 5 in Axes
  1123 | D:2      | Noticed Terence
  1131 | D:2      | Killed Terence
  1131 | D:2      | Reached XP level 4. HP: 37/40 MP: 4/4
  1507 | D:3      | Reached skill level 6 in Axes
  2009 | D:3      | Reached XP level 5. HP: 33/46 MP: 5/5
  2197 | D:3      | Found a hazy altar of Hepliaklqana.
  2233 | D:3      | Found a hide-covered altar of Uskayaw.
  2313 | D:3      | Found a white marble altar of Elyvilon.
  2569 | D:3      | Found a deep blue altar of Sif Muna.
  2690 | D:4      | Found a staircase to the Ecumenical Temple.
  2742 | D:4      | Reached skill level 7 in Axes
  2896 | D:4      | Reached XP level 6. HP: 47/55 MP: 6/6
  2920 | D:4      | Found a sparkling altar of Nemelex Xobeh.
  3089 | D:4      | Reached skill level 8 in Axes
  3473 | D:5      | Entered Level 5 of the Dungeon
  3520 | D:5      | Noticed an ice beast
  3532 | D:5      | Killed an ice beast
  3532 | D:5      | Reached XP level 7. HP: 61/61 MP: 7/7
  3611 | D:5      | Reached skill level 9 in Axes
  3638 | D:5      | Found a glowing golden altar of the Shining One.
  3643 | D:5      | Reached *** piety under Trog
  3995 | D:5      | Found a glowing silver altar of Zin.
  3996 | D:5      | Found a sacrificial altar of Ru.
  4000 | D:5      | Found a sparkling altar of Nemelex Xobeh.
  4049 | D:5      | Mangled by an ogre

Skill      XL: |  1  2  3  4  5  6  7 |
---------------+----------------------+-----
Axes           | 4 5 6 7 8 9 |  9.3
Fighting       | |  2.6
Armour         | |  2.1
Dodging        | |  2.1

Action                   |  1- 3 |  4- 6 |  7- 9 || total
-------------------------+-------+-------+-------++-------
Melee: Hand axe          |    81 |    38 |       ||   119
       War axe           |       |   136 |    41 ||   177
Invok: Berserk           |     2 |     4 |     1 ||     7
       Trog's Hand       |       |     4 |     1 ||     5
  Use: Potion            |     5 |     2 |       ||     7
  Eat: Chunk             |     1 |    10 |     2 ||    13
       Beef jerky        |       |     2 |       ||     2
Armor: Animal skin       |    22 |       |       ||    22
       Scale mail        |    15 |    74 |    11 ||   100
Dodge: Dodged            |    52 |    81 |    16 ||   149
